 Dungeon Crawl Stone Soup version 0.20-a0-16-g0876c8e (webtiles) character file.

24591 KristoblXynda the Cleaver (level 12, -1/135 HPs)
             Began as a Minotaur Skald on Nov 3, 2016.
             Was an Elder of Ashenzari.
             Slain by a nine-headed hydra (6 damage)
             ... on level 4 of the Lair of Beasts.
             The game lasted 00:39:41 (15025 turns).

KristoblXynda the Cleaver (Minotaur Skald)         Turns: 15025, Time: 00:39:42

Health: -1/135     AC: 11    Str: 29    XL:     12   Next: 82%
Magic:  35/35      EV: 18    Int: 13    God:    Ashenzari [****..]
Gold:   903        SH: 19    Dex: 15    Spells: 3 memorised, 12 levels left

rFire  . . .     SeeInvis +     l - +3 broad axe (chop) (curse)
rCold  + . .     Gourm    .     I - +0 leather armour of Loss {Str+6 Dex+5} (curse)
rNeg   + . .     Faith    .     t - +1 shield "Heemp" {rC+ MP+9} (curse)
rPois  +         Spirit   .     (helmet restricted)
rElec  .         Reflect  +     p - +1 cloak
rCorr  .         Harm     .     o - +0 pair of gloves
MR     .....     Clarity  +     (no boots)
Stlth  ..........               n - +4 amulet of reflection (curse)
                                q - ring of magical power (curse)
                                J - ring of positive energy (curse)

@: berserking, very quick
A: retaliatory headbutt, horns 2, rugged brown scales 1, slimy green scales 1,
blink, mutation resistance 1, poison resistance
a: Blink, Curse Item, Scrying, Renounce Religion


You were on level 4 of the Lair of Beasts.
You worshipped Ashenzari.
Ashenzari was greatly pleased with you.
You were not hungry.

You visited 3 branches of the dungeon, and saw 16 of its levels.
You also visited: Ossuary.

You collected 903 gold pieces.

Inventory:

Hand Weapons
 l - a cursed +3 broad axe of chopping (weapon)
Armour
 o - a +0 pair of gloves (worn)
 p - a +1 cloak (worn)
 t - the cursed +1 shield "Heemp" (worn) {rC+ MP+9}
   (You found it on level 9 of the Dungeon)

   It protects you from cold.
   It affects your magic capacity (+9).
   It has a curse placed upon it.
 I - the cursed +0 leather armour of Loss (worn) {Str+6 Dex+5}
   (You found it on level 7 of the Dungeon)

   It affects your strength (+6).
   It affects your dexterity (+5).
   It has a curse placed upon it.
Jewellery
 m - a cursed ring of resist corrosion
 n - a cursed +4 amulet of reflection (around neck)
 q - a cursed ring of magical power (right hand)
 J - a cursed ring of positive energy (left hand)
Wands
 c - a wand of iceblast (3/15)
 r - a wand of digging (5/24)
 v - a wand of confusion (10/48)
 x - a wand of confusion (23/48)
 F - a wand of digging (6/24)
 N - a wand of paralysis (4/24)
Scrolls
 a - a scroll of identify
 g - a scroll of immolation
 j - 9 scrolls of remove curse
Potions
 b - a potion of flight
 e - 4 potions of brilliance
 i - 2 potions of curing
 k - a potion of invisibility
 u - 2 potions of agility
Books
 h - a book of Enchantments

   Spells                             Type                      Level
   a - Cause Fear                     Hexes                        4
   b - Yara's Violent Unravelling     Hexes/Transmutation          5
   c - Silence                        Hexes/Air                    5
   d - Deflect Missiles               Charms/Air                   6
   e - Discord                        Hexes                        8
Miscellaneous
 O - a phial of floods
Comestibles
 d - 8 bread rations
 f - 7 fruits
 s - 5 meat rations
 w - 5 chunks of flesh
 z - 10 royal jellies


   Skills:
 - Level 2.6 Fighting
 - Level 13.1(16.1) Axes
 - Level 10.0 Armour
 + Level 10.7 Dodging
 + Level 9.6(11.7) Shields
 + Level 4.1 Spellcasting
 - Level 4.6(8.0) Charms
 - Level 3.7(6.9) Necromancy
 - Level 4.2(7.5) Translocations


You had 12 spell levels left.
You knew the following spells:

 Your Spells              Type           Power        Failure   Level  Hunger
b - Regeneration          Chrm/Necr      ###.......   6%          3    ###....
c - Blink                 Tloc           N/A          2%          2    ##.....
d - Repel Missiles        Chrm/Air       ##....       12%         2    ##.....


Dungeon Overview and Level Annotations

Branches:
Dungeon (11/15)            Temple (1/1) D:7            Lair (4/6) D:10
 Shoals (0/4) Lair:3
  Snake: Lair:2-4    Spider: Lair:2-4       Orc: D:9-12

Altars:
Ashenzari
Cheibriados
Dithmenos
Elyvilon
Fedhas
Gozag
Hepliaklqana
Kikubaaqudgha
Makhleb
Nemelex Xobeh
Okawaru
Qazlal
Ru
Sif Muna
Trog
Uskayaw
Vehumet
Xom
Yredelemnul
Zin
The Shining One


Innate Abilities, Weirdness & Mutations

You reflexively headbutt those who attack you in melee.
You have a pair of horns on your head.
You are partially covered in rugged brown scales. (AC +1, +3% HP)
You are partially covered in slimy green scales. (AC +2)
You can translocate small distances at will.
You are somewhat resistant to further mutation.
Your system is resistant to poisons. (rPois)


Message History

You chop one of the eight-headed hydra's heads off!
The seven-headed hydra grows two more!
You slice the nine-headed hydra!!
Your headbutt misses the nine-headed hydra.
The nine-headed hydra is severely wounded.
You barely miss the nine-headed hydra. You headbutt the nine-headed hydra.
The nine-headed hydra is severely wounded.
You block the nine-headed hydra's attack.
The nine-headed hydra bites you!
* * * LOW HITPOINT WARNING * * *
The nine-headed hydra bites you!
* * * LOW HITPOINT WARNING * * *
The nine-headed hydra bites you!
* * * LOW HITPOINT WARNING * * *
The nine-headed hydra barely misses you.
The nine-headed hydra bites you.
* * * LOW HITPOINT WARNING * * *
The nine-headed hydra bites you.
* * * LOW HITPOINT WARNING * * *
The nine-headed hydra bites you.
You die...

#..#.#....##..P##....#, , , ,
, #..####.####..##** #.# *
....., ...# ##.# #...# #.#
,.... ..## #(.# ##.## #.# *...
...####.# #P.# ##.## S.
#..##...#####.## ##...# ##.#*
...............# #.#..# #P.##*
#####.###.##...####...####...#
* ### #####...@DS.........#* *
#.######.##.P.#.P# , ######
######..# #P.#####...# *
.#...###P.....## ##.. *#.##
........).....#* **#... .#
##.#...####.P.# ,, ..### .# *
####P...# ###........P *..
##..## *.........# *..* *
####.###*###....... , , *


You could see a nine-headed hydra and a water moccasin.

Vanquished Creatures
  Kirke (Lair:4)
  Josephine (D:11)
  Fannar (Lair:1)
  Urug (Lair:2)
  The ghost of Philosophy the Archer, a novice CeHu of Okawaru (D:8)
  4 hill giants
  A siren (Lair:3)
  3 spiny frogs
  A rime drake (Lair:4)
  3 komodo dragons
  A queen bee (Lair:3)
  2 trolls (D:9)
  A polar bear (Lair:1)
  3 merfolk (Lair:3)
  2 hornets
  A two-headed ogre (D:10)
  Prince Ribbit (D:7)
  3 hippogriffs
  Sigmund (D:3)
  3 wraiths (D:11)
  2 vampires
  6 hogs (Lair:4)
  19 yaks
  A basilisk (Lair:2)
  Edmund (D:5)
  3 orc warriors
  5 porcupines
  3 water moccasins
  3 black bears
  2 sky beasts
  6 ice beasts
  2 phantoms
  4 ogres
  4 wolves (Lair:2)
  5 centaurs
  5 crocodiles
  2 big kobolds
  Blork the orc (D:5)
  22 bullfrogs
  2 water moccasin zombies
  7 scorpions
  22 killer bees (Lair:3)
  9 wights
  3 howler monkeys
  A jelly (D:8)
  2 centaur zombies (Ossuary)
  A crimson imp (D:5)
  A bullfrog zombie (D:11)
  2 bullfrog skeletons
  Crazy Yiuf (D:2)
  5 hounds
  9 orc priests
  A gnoll shaman (D:5)
  Jessica (D:3)
  2 iguanas
  9 orc wizards
  Natasha (thrice) (D:4)
  6 worker ants
  A killer bee zombie (D:8)
  3 ogre zombies (Ossuary)
  2 hound zombies
  A hound skeleton (D:10)
  8 mummies
  Robin (D:3)
  14 gnolls
  A howler monkey skeleton (D:4)
  16 adders
  An ooze (D:5)
  6 adder zombies
  6 worms
  A dart slug (D:2)
  5 leopard geckos
  33 orcs
  4 giant cockroaches
  20 goblins
  10 hobgoblins
  8 jackals
  16 kobolds
  3 quokkas
  4 ball pythons
  8 bats
  8 frilled lizards
  6 goblin zombies
  6 hobgoblin zombies (Ossuary)
  A jackal skeleton (D:5)
  3 kobold zombies (Ossuary)
  A quokka skeleton (D:5)
  3 quokka zombies
  11 rats
  5 rat zombies (Ossuary)
434 creatures vanquished.

Vanquished Creatures (others)
  A centaur (D:10)
  A killer bee (Lair:3)
2 creatures vanquished.

Grand Total: 436 creatures vanquished

Notes
Turn   | Place    | Note
-------+----------+-------------------------------------------
     0 | D:1      | KristoblXynda the Minotaur Skald began the quest for the Orb.
     0 | D:1      | Reached XP level 1. HP: 18/18 MP: 1/1
   172 | D:1      | Reached XP level 2. HP: 21/25 MP: 3/3
   840 | D:2      | Reached skill level 3 in Axes
   840 | D:2      | Reached XP level 3. HP: 21/30 MP: 4/4
  1317 | D:2      | Reached XP level 4. HP: 28/37 MP: 5/5
  1671 | D:2      | Reached skill level 4 in Axes
  1989 | D:2      | Reached XP level 5. HP: 26/42 MP: 2/6
  2195 | D:2      | Found a shimmering altar of Xom.
  2257 | D:2      | Found a runed door.
  2261 | D:2      | Noticed Crazy Yiuf
  2269 | D:2      | Killed Crazy Yiuf
  2561 | D:2      | Learned a level 3 spell: Regeneration
  2565 | D:3      | Noticed Sigmund
  2609 | D:3      | Killed Sigmund
  2609 | D:3      | Reached skill level 5 in Axes
  2609 | D:3      | Reached XP level 6. HP: 7/50 MP: 7/7
  2919 | D:3      | Noticed Jessica
  2924 | D:3      | Killed Jessica
  3146 | D:3      | Reached skill level 5 in Armour
  3161 | D:3      | Noticed Robin
  3172 | D:3      | Reached XP level 7. HP: 14/56 MP: 8/8
  3179 | D:3      | Killed Robin
  3989 | D:4      | Found a white marble altar of Elyvilon.
  3989 | D:4      | Found a deep blue altar of Sif Muna.
  3989 | D:4      | Found an ancient bone altar of Kikubaaqudgha.
  3990 | D:4      | Found a sparkling altar of Nemelex Xobeh.
  4403 | D:4      | Found a sacrificial altar of Ru.
  4413 | D:4      | Learned a level 2 spell: Blink
  4535 | D:4      | Noticed Natasha
  4540 | D:4      | Reached skill level 6 in Axes
  4546 | D:4      | Killed Natasha
  4681 | D:4      | Noticed Natasha
  4688 | D:4      | Killed Natasha
  4768 | D:4      | Noticed Natasha
  4775 | D:4      | Killed Natasha
  4845 | D:5      | Entered Level 5 of the Dungeon
  4906 | D:5      | Noticed Blork the orc
  4917 | D:5      | Killed Blork the orc
  4917 | D:5      | Reached XP level 8. HP: 15/62 MP: 9/9
  5303 | D:5      | Reached skill level 7 in Axes
  5719 | D:5      | Noticed Edmund
  5730 | D:5      | Killed Edmund
  5823 | D:5      | Found a stormy altar of Qazlal.
  6182 | D:6      | Learned a level 2 spell: Repel Missiles
  6303 | D:6      | Found a burning altar of Makhleb.
  6315 | D:6      | Reached skill level 1 in Translocations
  6320 | D:6      | Gained mutation: Your system is resistant to poisons. (rPois) [mutagenic meat]
  6321 | D:6      | Gained mutation: You are partially covered in rugged brown scales. (AC +1, +3% HP) [mutagenic meat]
  6322 | D:6      | Gained mutation: You can translocate small distances at will. [mutagenic meat]
  6324 | D:6      | Gained mutation: You are partially covered in slimy green scales. (AC +2) [mutagenic meat]
  6325 | D:6      | Gained mutation: You are somewhat resistant to further mutation. [mutagenic meat]
  6348 | D:6      | Found a shattered altar of Ashenzari.
  6379 | D:6      | Reached skill level 8 in Axes
  6478 | D:6      | Became a worshipper of Ashenzari the Shackled
  6634 | D:6      | Reached XP level 9. HP: 47/70 MP: 10/10
  6848 | D:6      | Found a sand-covered staircase.
  6857 | Ossuary  | Entered an ossuary
  7645 | D:7      | Reached skill level 9 in Axes
  7686 | D:7      | Got the cursed leather armour of Loss {Str+6 Dex+5}
  7697 | D:7      | Identified the cursed +0 leather armour of Loss {Str+6 Dex+5} (You found it on level 7 of the Dungeon)
  8220 | D:7      | Found a staircase to the Ecumenical Temple.
  8224 | D:7      | Reached * piety under Ashenzari
  8230 | Temple   | Entered the Ecumenical Temple
  8495 | D:7      | Noticed Prince Ribbit
  8503 | D:7      | Killed Prince Ribbit
  8550 | D:8      | Reached skill level 10 in Axes
  8583 | D:8      | Reached skill level 10 in Armour
  8622 | D:8      | Reached XP level 10. HP: 75/76 MP: 11/11
  8712 | D:8      | HP: 3/76 [hornet (4)]
  8783 | D:8      | Noticed Philosophy's ghost (novice CeHu)
  9002 | D:8      | Killed Philosophy's ghost
  9002 | D:8      | Reached skill level 1 in Necromancy
  9681 | D:9      | Reached skill level 11 in Axes
 10083 | D:9      | Identified a scroll of acquirement
 10146 | D:9      | Reached skill level 5 in Dodging
 10152 | D:9      | Got the uncursed shield "Heemp" {rC+ MP+9}
 10360 | D:9      | Reached ** piety under Ashenzari
 10680 | D:9      | Paralysed by a hornet for 1 turns
 11112 | D:10     | Entered Level 10 of the Dungeon
 11138 | D:10     | Noticed a hill giant
 11188 | D:10     | Identified the +1 shield "Heemp" {rC+ MP+9} (You found it on level 9 of the Dungeon)
 11229 | D:10     | Reached XP level 11. HP: 83/83 MP: 12/12
 11341 | D:10     | Found a staircase to the Lair.
 11370 | D:10     | Noticed a hill giant
 11399 | D:10     | Killed a hill giant
 11399 | D:10     | Reached skill level 1 in Shields
 11756 | D:10     | Killed a hill giant
 11874 | D:11     | Reached skill level 12 in Axes
 11982 | D:11     | Noticed Josephine
 11996 | D:11     | Killed Josephine
 12110 | D:11     | Reached skill level 5 in Shields
 12131 | D:11     | Noticed a hill giant
 12139 | D:11     | Killed a hill giant
 12175 | D:11     | Noticed a hill giant
 12187 | D:11     | Killed a hill giant
 12410 | D:11     | Noticed a brown ugly thing
 12464 | Lair:1   | Entered Level 1 of the Lair of Beasts
 12532 | Lair:1   | Reached skill level 13 in Axes
 12582 | Lair:1   | Noticed Fannar
 12615 | Lair:1   | Killed Fannar
 12899 | Lair:1   | Reached *** piety under Ashenzari
 13279 | Lair:2   | Reached XP level 12. HP: 60/90 MP: 13/13
 13280 | Lair:2   | Noticed Urug
 13299 | Lair:2   | Killed Urug
 13899 | Lair:3   | HP: 2/90 [merfolk/trident (19)]
 14212 | Lair:3   | Reached skill level 10 in Dodging
 14228 | Lair:3   | Reached **** piety under Ashenzari
 14561 | Lair:3   | Found a staircase to the Shoals.
 14848 | Lair:4   | Noticed Kirke
 14864 | Lair:4   | Killed Kirke
 14907 | Lair:4   | Identified the +9 falchion "Dragonslayer" {drain, +Fly rElec Int+2}
 15002 | Lair:4   | Noticed a five-headed hydra
 15025 | Lair:4   | HP: 5/135 [nine-headed hydra (5)]
 15025 | Lair:4   | Slain by a nine-headed hydra

Vault maps used:
D:1:      evilmike_arrival_run_for_it
D:2:      minmay_diamond_boxcup, tgw_xom, uniq_crazy_yiuf_cottage
D:3:      first_bread, st_stairs_3, uniq_sigmund, uniq_robin, uniq_jessica
D:4:      hangedman_ru_absence, chequers_temple_overflow_statue_of_worship,
          uniq_natasha
D:5:      lemuel_round_altar, uniq_blork_the_orc, uniq_edmund
D:6:      overflow_temple_1_default, nicolae_ossuary_entry_giza,
          makhleb_heckhound_becter
D:7:      uniq_prince_ribbit1
D:10:     lair_0_dummy
D:11:     uniq_josephine
Temple:   dshaligram_water_room_temple
Lair:1:   lemuel_fruit_tree, uniq_fannar
Lair:2:   grunt_megastairs_3, uniq_urug
Lair:3:   elwin_shoals_entry_stream, special_room
Lair:4:   nicolae_spider_entry_tight_spaces, uniq_kirke
Ossuary:  ossuary_boxes_badplayer

Skill      XL: |  1  2  3  4  5  6  7  8  9 10 11 12 |
---------------+-------------------------------------+-----
Armour         | 2 3 4 5 6 8 10 | 10.0
Axes           | 3 4 5 6 8 10 11 13 | 13.1
Charms         | 3 4 |  4.6
Translocations | 2 4 |  4.2
Dodging        | 5 8 10 | 10.7
Necromancy     | 3 |  3.7
Shields        | 6 9 |  9.6
Spellcasting   | 4 |  4.1
Fighting       | |  2.6

Action                   |  1- 3 |  4- 6 |  7- 9 | 10-12 || total
-------------------------+-------+-------+-------+-------++-------
Melee: Hand axe          |    77 |    19 |       |       ||    96
       Headbutt          |     8 |    18 |    71 |   136 ||   233
       War axe           |       |   120 |   455 |    78 ||   653
       Dire flail        |       |       |    18 |       ||    18
       Broad axe         |       |       |       |   484 ||   484
 Cast: Regeneration      |       |       |       |     4 ||     4
Invok: Curse Item        |       |       |     2 |     2 ||     4
Evoke: Wand              |       |       |       |    14 ||    14
  Use: Scroll            |       |     8 |    14 |    14 ||    36
       Potion            |       |     3 |       |    12 ||    15
 Stab: Sleeping          |       |       |       |     1 ||     1
       Paralysed         |       |       |       |     5 ||     5
       Distracted        |       |       |       |     1 ||     1
       Invisible         |       |       |       |    10 ||    10
  Eat: Pizza             |     1 |       |       |     3 ||     4
       Chunk             |       |     6 |    18 |     7 ||    31
       Fruit             |       |       |     3 |     6 ||     9
       Beef jerky        |       |       |     2 |     1 ||     3
       Bread ration      |       |       |       |     1 ||     1
Armor: Leather armour    |    17 |    32 |    37 |    98 ||   184
       Ring mail         |       |       |   135 |       ||   135
       Skin              |       |       |       |     9 ||     9
Dodge: Dodged            |    56 |    96 |   226 |   284 ||   662
Block: Other             |       |    14 |    64 |    30 ||   108
       Reflection        |       |     1 |     2 |     6 ||     9
       Shield            |       |       |       |   325 ||   325
